 Dungeon Crawl Stone Soup version 0.17-a0-989-gada8a91 (console) character file.

2376 Monkaria the Carver (level 9, -9/65 HPs)
             Began as a Demonspawn Chaos Knight on May 12, 2015.
             Mangled by an orc warrior
             ... wielding a +0 halberd
              (18 damage)
             ... on level 7 of the Dungeon.
             The game lasted 00:16:31 (8655 turns).

Monkaria the Carver (Demonspawn Chaos Knight)       Turns: 8655, Time: 00:16:31

Health: -9/65      AC: 10    Str: 16    XL:     9   Next: 21%
Magic:  0/9        EV: 11    Int: 14    God:    Xom [....*.]
Gold:   467        SH:  0    Dex: 12    Spells: 0 memorised, 8 levels left

rFire  + . .     SeeInvis .     a - +1 falchion (chaos)
rCold  . . .     Clarity  +     b - +2 leather armour (curse)
rNeg   . . .     SustAb   .     (no shield)
rPois  .         Gourm    +     (helmet unavailable)
rElec  .         Spirit   +     D - +0 cloak
rCorr  .         Warding  .     (no gloves)
rMut   .         Stasis   .     (no boots)
MR     .....                    m - amulet of the gourmand
Stlth  +.........               (no ring)
                                f - ring of protection from fire

@: not resistant to hostile enchantments, very unstealthy
A: horns 3, yellow scales 2, clarity, demonic guardian 1, mutation resistance 1,
wild magic 1, magic shield
a: Renounce Religion


You were on level 7 of the Dungeon.
You worshipped Xom.
You were a beloved toy of Xom.
You were very full.

You visited 2 branches of the dungeon, and saw 8 of its levels.
You also visited: Sewer.

You collected 467 gold pieces.

Inventory:

Hand weapons
 a - a +1 falchion of chaos (weapon)
 t - a +0 blowgun
Missiles
 r - 62 poisoned needles
 z - 7 needles of sleeping
 H - 5 tomahawks (quivered)
Armour
 b - a cursed +2 leather armour (worn)
 D - a +0 cloak (worn)
 J - a +2 plate armour of magic resistance
Jewellery
 f - a ring of protection from fire (left hand)
 m - an amulet of the gourmand (around neck)
Magical devices
 E - a wand of cold (14)
Scrolls
 i - 6 scrolls of teleportation
 n - 2 scrolls of fear
 w - a scroll of magic mapping
 x - 3 scrolls of fog
 y - a scroll of recharging
 B - a scroll of enchant weapon
Potions
 d - 5 potions of might
 g - 3 potions of cancellation
 j - 3 potions of agility
 k - a potion of heal wounds
 l - 5 potions of haste
 p - 2 potions of flight
 s - 4 potions of curing
 u - a potion of mutation {unknown}
 v - a potion of magic {unknown}
 C - 3 potions of brilliance {unknown}
 F - a potion of cure mutation {unknown}
Books
 q - Sif Muna's Incunabulum of Sinister Magic
   (You found it on level 4 of the Dungeon)

   Spells                             Type                      Level
   a - Animate Skeleton               Necromancy                   1
Comestibles
 c - 3 bread rations
 h - a slice of pizza
 o - 7 fruits
 A - a beef jerky


   Skills:
 - Level 4.0 Fighting
 - Level 8.2 Long Blades
 + Level 8.2 Armour
 - Level 0.8 Dodging


You had 8 spell levels left.
You didn't know any spells.

Dungeon Overview and Level Annotations

Branches:
Dungeon (7/15)             Temple (1/1) D:6

Altars:
Ashenzari
Cheibriados
Dithmenos
Fedhas
Gozag
Kikubaaqudgha
Makhleb
Nemelex Xobeh
Okawaru
Qazlal
Ru
Sif Muna
Trog
Vehumet
Xom
Yredelemnul
Zin
The Shining One

Annotations:
D:5 Monkaria's ghost, experienced DsCK


Innate Abilities, Weirdness & Mutations

You have a pair of large horns on your head.
You are mostly covered in yellow scales (AC +3).
A weak demonic guardian rushes to your aid.
When hurt, damage is shared between your health and your magic reserves.
You possess an exceptional clarity of mind.
You are somewhat resistant to further mutation.
Your spells are a little harder to cast, but a little more powerful.


Message History

You are too injured to fight recklessly!
You are too injured to fight recklessly!
You are too injured to fight recklessly!
You are too injured to fight recklessly!
You are too injured to fight recklessly!
You are too injured to fight recklessly!
You are too injured to fight recklessly!
Unknown command.
Unknown command.
Unknown command.
Unknown command.
There is an open door here.
Throwing (i - inventory):
H - 6 tomahawks (quivered)
Press: ? - help, Shift-Dir - straight line, f - orc warrior
Aim: an orc warrior, wielding a halberd and wearing a plate armour (almost dead, slow)
You throw a tomahawk.
The tomahawk hits the orc warrior but does no damage.
The orc warrior is almost dead.
The orc warrior hits you from afar with a halberd!!
You die...

.#..#####.##...## #.#
#. .#..#####.#.....#
#.# #.
.#...(....#.....#
#.#####
.#.###.#.##.....#
#......
.#.###.#.###...##
#.#####
.......#..###'###*####
#.# #.
................##...##
##.####.
....#####.......#.....#
#....... .#.)#
#....8..@.o...#
##.###..
.#..#####.......#.....#
#.>....
.#..............##...##
#.###..
>##.#####.###+###*####
#.# ##. .##.# #.#*,,,**
#.# #. .*#.# #.*,,,,,*
#.# #.
.*#.####*,*,,,,,* #.#
#. .*#....#*,*,,,,,*
***** *,* #.
.*####.#*,**,,,****,,,*
*,* ##


You could see an orc warrior.

Vanquished Creatures
  Sigmund (D:2)
  A water moccasin (D:5)
  An ice beast (D:6)
  An orc warrior (D:6)
  2 sky beasts (D:5)
  2 centaurs (D:6)
  2 giant frogs (Sewer)
  A scorpion (D:6)
  4 giant frog zombies
  A centaur zombie (D:4)
  4 hounds
  2 crimson imps (D:6)
  5 orc priests
  7 orc wizards
  Terence (D:2)
  3 worker ants
  2 hound zombies (D:7)
  5 gnolls
  3 river rats (Sewer)
  Natasha (twice) (D:2)
  11 adders
  A shadow imp (D:6)
  A white imp (D:5)
  3 oozes
  An adder zombie (D:5)
  3 worms
  2 adder skeletons
  6 giant geckos
  11 orcs
  An orc (shapeshifter) (D:3)
  10 bats
  7 hobgoblins
  A kobold (shapeshifter) (D:6)
  16 kobolds
  13 ball pythons
  6 giant cockroaches
  A giant gecko zombie (D:4)
  7 giant newts
  15 goblins
  6 jackals
  3 quokkas
  42 rats
217 creatures vanquished.

Vanquished Creatures (collateral kills)
  A tarantella (shapeshifter) (D:7)
  2 orc warriors
  The ghost of HawK52rus the Skirmisher, a weakling GrBe of Trog (D:4)
  A crimson imp (D:7)
  Natasha (D:2)
  2 gnolls
  3 orcs (D:7)
  A goblin (D:4)
12 creatures vanquished.

Vanquished Creatures (others)
  A giant frog (D:6)
  4 crimson imps
  5 iron imps
  A jelly (D:7)
  9 quasits
  A gnoll (D:6)
  7 white imps
  9 ufetubi
  A plant (D:7)
38 creatures vanquished.

Grand Total: 267 creatures vanquished

Notes
Turn   | Place    | Note
--------------------------------------------------------------
     0 | D:1      | Monkaria the Demonspawn Chaos Knight began the quest for the Orb.
     0 | D:1      | Reached XP level 1. HP: 18/18 MP: 1/1
   203 | D:1      | XOM: silly message
   392 | D:1      | XOM: potion effect (haste)
   393 | D:1      | Gained mutation: A weak demonic guardian rushes to your aid. [demonic ancestry]
   393 | D:1      | Reached XP level 2. HP: 20/24 MP: 2/2
   635 | D:2      | Reached skill level 4 in Fighting
   647 | D:2      | XOM: harmless Conj miscast
   675 | D:2      | Gained mutation: You have a pair of small horns on your head. [demonic ancestry]
   675 | D:2      | Reached XP level 3. HP: 16/30 MP: 3/3
   742 | D:2      | Noticed Terence
   750 | D:2      | Killed Terence
   819 | D:2      | Gained mutation: You are partially covered in yellow scales (AC +2). [demonic ancestry]
   819 | D:2      | Reached XP level 4. HP: 19/37 MP: 4/4
   914 | D:2      | XOM: silly message
  1050 | D:2      | XOM: silly message
  1096 | D:2      | Noticed Natasha
  1102 | D:2      | Killed Natasha
  1199 | D:2      | Noticed Sigmund
  1242 | D:2      | Noticed Natasha
  1250 | D:2      | Killed Natasha
  1266 | D:2      | XOM: mild Conj miscast
  1275 | D:2      | Killed Sigmund
  1275 | D:2      | Reached skill level 5 in Long Blades
  1275 | D:2      | Reached XP level 5. HP: 27/42 MP: 5/5
  1581 | D:2      | Noticed Natasha
  1586 | D:2      | Killed Natasha
  1733 | D:3      | XOM: mild Necr miscast
  1915 | D:3      | XOM: colour smoke trail
  2092 | D:3      | XOM: cast spell 'Ice Form'
  2258 | D:4      | Found a deep blue altar of Sif Muna.
  2259 | D:4      | XOM: scenery: 1 doors open
  2400 | D:4      | Gained mutation: You have a pair of horns on your head. [demonic ancestry]
  2400 | D:4      | Reached XP level 6. HP: 34/48 MP: 6/6
  2425 | D:4      | Found a glowing drain.
  2430 | Sewer    | Entered a sewer
  2552 | Sewer    | XOM: harmless Air miscast
  2873 | Sewer    | XOM: potion effect (haste)
  2990 | Sewer    | Reached skill level 6 in Long Blades
  3271 | Sewer    | XOM: cast spell 'Confusing Touch'
  3412 | Sewer    | XOM: medium Chrm miscast
  3535 | D:4      | Noticed HawK52rus's ghost (weakling GrBe)
  3544 | D:4      | Killed HawK52rus's ghost
  3544 | D:4      | Gained mutation: You are mostly covered in yellow scales (AC +3). [demonic ancestry]
  3544 | D:4      | Reached XP level 7. HP: 32/54 MP: 7/7
  3732 | D:4      | XOM: cast spell 'Summon Butterflies'
  3824 | D:4      | XOM: colour smoke trail
  3866 | D:4      | Reached skill level 7 in Long Blades
  3867 | D:4      | XOM: cast spell 'Cause Fear'
  3931 | D:4      | XOM: divination: detect items
  4395 | D:4      | Identified Sif Muna's Incunabulum of Sinister Magic
  4397 | D:5      | Entered Level 5 of the Dungeon
  4430 | D:5      | XOM: colour smoke trail
  4507 | D:5      | XOM: harmless Conj miscast
  4698 | D:5      | XOM: cast spell 'Ring of Flames'
  4710 | D:5      | Reached skill level 8 in Long Blades
  4770 | D:5      | Noticed Monkaria's ghost (experienced DsCK)
  4780 | D:5      | XOM: noise
  4826 | D:5      | XOM: divination: magic mapping
  4828 | D:5      | XOM: potion effect (brilliance)
  4831 | D:5      | XOM: enchant monster (good)
  5324 | D:6      | Gained mutation: You have a pair of large horns on your head. [demonic ancestry]
  5324 | D:6      | Reached XP level 8. HP: 60/60 MP: 8/8
  5327 | D:6      | XOM: potion effect (haste)
  5333 | D:6      | XOM: confuse monster(s)
  5613 | D:6      | XOM: summons 3 friendly demons
  5615 | D:6      | XOM: smoke on damage
  5658 | D:6      | Reached skill level 5 in Armour
  5982 | D:6      | XOM: divination: detect items
  6216 | D:6      | Found a staircase to the Ecumenical Temple.
  6282 | Temple   | Entered the Ecumenical Temple
  6465 | D:6      | XOM: blink monster(s)
  6791 | D:6      | XOM: blink monster(s)
  6810 | D:6      | HP: 3/60 [orc warrior/glaive (9)]
  6827 | D:6      | XOM: harmless Ice miscast
  6895 | D:5      | XOM: colour smoke trail
  7187 | D:6      | Gained mutation: You possess an exceptional clarity of mind. [mutagenic meat]
  7188 | D:6      | Gained mutation: Your spells are a little harder to cast, but a little more powerful. [mutagenic meat]
  7189 | D:6      | Gained mutation: You are somewhat resistant to further mutation. [mutagenic meat]
  7236 | D:6      | XOM: harmless Erth miscast
  7253 | D:6      | XOM: noise
  7290 | D:6      | XOM: mild Conj miscast
  7472 | D:7      | XOM: enchant monster (bad)
  7734 | D:6      | XOM: summons 4 hostile demons
  7735 | D:6      | Noticed a red devil
  7735 | D:6      | Noticed a hellwing
  7822 | D:7      | XOM: medium Divn miscast
  7947 | D:7      | XOM: summons friendly quasit
  8027 | D:7      | Gained mutation: When hurt, damage is shared between your health and your magic reserves. [demonic ancestry]
  8027 | D:7      | Reached XP level 9. HP: 26/65 MP: 9/9
  8225 | D:7      | XOM: vitrification
  8655 | D:7      | Mangled by an orc warrior

Vault maps used:
D:1:      grunt_arrival_crossed_arrows
D:2:      first_bread, minmay_vboxes, uniq_natasha, uniq_terence, uniq_sigmund
D:4:      lightli_sewer_entry_pipes, led_sif_book
D:6:      minmay_temple_entry_enclosed_plants, kennysheep_generic_room_14
D:7:      kennysheep_kobold_camp, the_bakery, minmay_three_doors
Temple:   kilobyte_greek_temple_18
Sewer:    sewer_minmay_w

Action                   |  1- 3 |  4- 6 |  7- 9 || total
-------------------------+-------+-------+-------++-------
Melee: Falchion          |    91 |   335 |   384 ||   810
 Fire: Blowgun           |       |       |     6 ||     6
Throw: Tomahawk          |       |       |     1 ||     1
  Use: Potion            |       |     1 |     1 ||     2
       Scroll            |       |     9 |    11 ||    20
 Stab: Distracted        |       |     1 |       ||     1
       Paralysed         |       |       |     2 ||     2
       Confused          |       |       |     2 ||     2
  Eat: Chunk             |       |    19 |    20 ||    39
